Map: [ESL] Data-C

Players

Serral

  • Race: Zerg Zerg
  • Spawn Location: 9:00

Reynor - Winner!

  • Race: Zerg Zerg
  • Spawn Location: 3:00

Event: DreamHack SC2 Masters 2022 Atlanta (Online)

VOD

Have the link to the VOD?

Description

Time

  • Played on: Oct. 15, 2022, 1:01 p.m.
  • Length: 12:24

All games in this series

Show
View Real Time Build Order
Export as new Build Order

Serral Zerg 

Build Orders: Hatch First 

Get SALT Encoding   

  12  0:00  Drone  
  13  0:11  Overlord  
  13  0:16  Drone  
  14  0:30  Drone x2  
  16  0:48  Hatchery  
  15  0:50  Drone  
  15  0:54  Drone  
  17  0:58  Drone  
  18  1:09  Extractor  
  17  1:13  Spawning Pool  
  17  1:16  Drone  
  17  1:20  Drone  
  18  1:27  Drone  
  19  1:37  Drone  
  20  1:48  Drone  
  21  1:59  Queen  
  21  2:00  Queen  
  26  2:01  Zergling x2, Overlord  
  26  2:10  Drone x2  
  26  2:13  Metabolic Boost  
  28  2:21  Zergling x2  
  28  2:22  Drone  
  30  2:33  Hatchery  
  29  2:37  Drone  
  29  2:40  Drone  
  29  2:43  Drone  
  32  2:48  Baneling Nest  
  31  2:53  Overlord  
  31  2:55  Drone  
  31  2:57  Drone  
  33  3:03  Queen  
  35  3:06  Drone  
  36  3:14  Drone x2  
  36  3:15  Drone  
  36  3:16  Zergling x4  
  41  3:20  Overlord  
  41  3:23  Drone  
  41  3:24  Zergling x2  
  41  3:26  Zergling x2  
  44  3:34  Evolution Chamber  
  43  3:35  Drone  
  43  3:39  Drone x3  
  47  3:42  Overlord  
  47  3:45  Drone x2  
  49  3:49  Drone x2  
  49  3:52  Drone  
  49  3:53  Extractor  
  51  3:55  Drone x2  
  51  4:00  Zerg Missile Weapons Level 1  
  51  4:01  Drone  
  54  4:05  Overlord  
  54  4:06  Drone  
  54  4:08  Drone  
  55  4:11  Drone  
  55  4:13  Drone x2  
  55  4:15  Drone x2  
  60  4:21  Drone  
  60  4:23  Drone, Roach Warren  
  62  4:24  Drone  
  62  4:29  Lair  
  62  4:31  Baneling, Drone  
  62  4:33  Drone x2  
  62  4:37  Overlord  
  62  4:38  Drone  
  66  4:41  Zergling x2, Drone  
  66  4:44  Drone x3  
  71  4:45  Extractor  
  71  4:48  Overlord, Extractor x2  
  69  4:52  Drone x2  
  69  4:53  Drone x2  
  71  5:00  Drone x2  
  71  5:03  Drone x2  
  74  5:09  Extractor  
  74  5:12  Drone x3  
  76  5:15  Drone x2  
  76  5:18  Overlord  
  78  5:24  Hatchery  
  78  5:25  Roach x3  
  78  5:26  Roach  
  85  5:28  Glial Reconstitution  
  85  5:29  Spire  
  85  5:30  Pneumatized Carapace  
  85  5:33  Overseer  
  84  5:36  Roach x2  
  88  5:44  Overlord x3  
  88  5:46  Roach x2  
  88  5:48  Baneling  
  92  5:53  Roach x3  
  98  5:57  Overlord x2  
  98  6:14  Drone x3  
  98  6:15  Drone  
  102  6:21  Drone x3  
  104  6:38  Extractor  
  103  6:40  Mutalisk x8, Extractor  
  103  6:42  Zerg Flyer Armor Level 1  
  118  6:48  Mutalisk  
  118  6:53  Mutalisk  
  122  6:56  Overlord x2  
  122  7:00  Mutalisk  
  122  7:01  Queen  
  124  7:02  Overlord x2  
  124  7:04  Mutalisk  
  124  7:06  Overlord x5  
  128  7:14  Mutalisk x2  
  131  7:20  Zergling x14  
  136  7:28  Mutalisk x3  
  142  7:30  Spore Crawler  
  142  7:35  Roach x5  
  151  7:46  Roach x5  
  161  7:54  Roach  
  184  8:10  Mutalisk x6  
  174  8:17  Mutalisk x2  
  172  8:24  Mutalisk  
  174  8:30  Zergling x2  
  174  8:31  Mutalisk x2, Overlord  
  179  8:38  Zerg Flyer Weapons Level 1  
  179  8:40  Mutalisk  
  181  8:42  Overlord x2  
  181  8:44  Hatchery  
  180  8:51  Mutalisk x2  
  184  9:00  Mutalisk x2  
  166  9:17  Mutalisk x4  
  166  9:20  Zergling x20  
  174  9:27  Zerg Missile Weapons Level 2  
  170  9:33  Roach x8  
  170  9:38  Roach x3  
  188  9:46  Roach x5  
  195  10:04  Overseer  
  195  10:12  Roach x2  
  194  10:24  Centrifugal Hooks  
  180  10:37  Infestation Pit  
  180  10:38  Drone x3, Overlord  
  180  10:40  Hydralisk Den, Drone x3, Evolution Chamber  
  180  10:41  Spore Crawler, Drone x3  
  185  10:44  Roach x7  
  185  10:47  Spore Crawler x2, Drone  
  185  10:48  Drone x2  
  198  10:57  Overlord  
  198  10:58  Overlord  
  155  11:11  Drone x4  
  155  11:12  Drone x3  
  155  11:16  Hydralisk  
  155  11:17  Hydralisk x5  
  170  11:20  Lurker Den  
  170  11:21  Drone x2  
  170  11:22  Hydralisk x5  
  170  11:23  Overseer  
  170  11:24  Ravager  
  170  11:25  Ravager x5  
  185  11:30  Roach x4  
  187  11:42  Hatchery  
  187  11:45  Roach  
  187  11:46  Roach x7  
  194  11:57  Roach x2  
Show
View Real Time Build Order
Export as new Build Order

Reynor Zerg - Winner!

Build Orders: Hatch First, Lurkers 

Get SALT Encoding   

  12  0:00  Drone  
  13  0:12  Overlord  
  13  0:16  Drone  
  14  0:30  Drone x2  
  16  0:47  Hatchery  
  15  0:51  Drone  
  15  0:54  Drone  
  17  0:58  Drone  
  18  1:08  Extractor  
  17  1:12  Spawning Pool  
  17  1:16  Drone  
  17  1:20  Drone  
  18  1:27  Drone  
  19  1:38  Drone  
  20  1:48  Drone  
  21  1:59  Queen x2, Overlord  
  21  2:00  Zergling x2  
  26  2:08  Metabolic Boost  
  26  2:10  Drone  
  26  2:11  Drone  
  28  2:21  Zergling x2, Drone  
  30  2:34  Hatchery  
  29  2:37  Drone  
  29  2:39  Drone  
  29  2:42  Drone  
  29  2:43  Drone  
  33  2:52  Baneling Nest  
  33  2:55  Drone x2  
  34  3:03  Drone  
  34  3:05  Drone  
  36  3:13  Overlord  
  36  3:17  Overlord  
  36  3:22  Evolution Chamber  
  36  3:23  Drone  
  36  3:30  Queen  
  36  3:31  Drone x4  
  36  3:32  Drone  
  36  3:33  Zergling x2  
  44  3:38  Drone  
  44  3:39  Overlord  
  45  3:41  Drone x2  
  45  3:44  Drone x2  
  45  3:47  Drone  
  50  3:52  Zergling x4  
  50  3:54  Drone  
  54  3:55  Drone  
  54  3:59  Zerg Missile Weapons Level 1  
  54  4:00  Drone  
  55  4:04  Overlord  
  55  4:06  Drone  
  55  4:08  Drone  
  57  4:12  Lair  
  57  4:13  Drone x2  
  57  4:14  Drone  
  57  4:15  Drone  
  61  4:22  Overlord  
  60  4:24  Roach Warren  
  60  4:26  Drone x2  
  60  4:28  Drone  
  60  4:29  Drone  
  63  4:32  Extractor  
  63  4:33  Extractor  
  63  4:36  Baneling  
  63  4:38  Drone  
  62  4:39  Drone  
  62  4:41  Drone x4  
  69  4:45  Drone x2  
  69  4:46  Drone x2  
  69  4:49  Overlord  
  69  4:50  Drone x2  
  72  4:53  Drone  
  72  4:54  Drone  
  72  4:57  Extractor  
  73  5:00  Drone  
  73  5:02  Drone  
  73  5:03  Drone  
  73  5:05  Extractor  
  75  5:10  Extractor  
  75  5:11  Hatchery, Overlord  
  75  5:13  Drone  
  74  5:14  Drone  
  74  5:15  Drone x3, Spire  
  77  5:22  Glial Reconstitution  
  77  5:25  Zergling x2  
  77  5:26  Zergling x10  
  83  5:29  Overlord  
  83  5:35  Overlord  
  83  5:40  Baneling  
  83  5:42  Roach x3  
  89  5:44  Roach x4  
  89  5:49  Roach x2  
  101  5:50  Overlord  
  101  5:52  Roach x2  
  101  5:54  Roach  
  107  6:03  Drone x4  
  107  6:04  Overlord  
  111  6:10  Roach  
  112  6:19  Overlord  
  112  6:26  Queen  
  112  6:28  Mutalisk x6  
  112  6:30  Drone x6  
  131  6:34  Overlord  
  131  6:35  Zerg Missile Weapons Level 2  
  131  6:37  Drone x2  
  131  6:38  Extractor  
  131  6:39  Roach  
  134  6:42  Extractor  
  134  6:45  Overlord  
  133  6:47  Roach  
  133  6:49  Roach x2  
  133  6:50  Roach x2  
  133  6:53  Roach x4  
  150  6:55  Overseer  
  150  6:56  Overlord  
  150  6:59  Drone  
  151  7:02  Overlord  
  151  7:06  Overlord  
  151  7:10  Roach  
  151  7:11  Roach  
  151  7:15  Evolution Chamber  
  157  7:21  Overlord  
  165  7:26  Mutalisk  
  165  7:27  Mutalisk x4  
  173  7:30  Mutalisk x2  
  173  7:35  Spore Crawler, Mutalisk  
  168  7:37  Drone x2  
  168  7:38  Spore Crawler, Mutalisk, Overlord  
  168  7:41  Spore Crawler  
  168  7:43  Overlord  
  172  7:45  Mutalisk  
  172  7:48  Overlord  
  172  7:51  Overlord x2  
  173  7:53  Spore Crawler  
  173  7:57  Spore Crawler x2  
  166  7:59  Overlord  
  166  8:03  Overlord  
  166  8:06  Overlord  
  166  8:08  Overlord x2  
  166  8:09  Mutalisk  
  168  8:13  Drone x2  
  168  8:14  Hydralisk Den  
  168  8:17  Drone x3  
  168  8:19  Roach x3  
  176  8:20  Spore Crawler  
  176  8:21  Drone x2  
  176  8:25  Spore Crawler  
  176  8:26  Spore Crawler, Roach x5  
  185  8:29  Zerg Ground Armor Level 1  
  185  8:36  Drone x5  
  185  8:38  Spore Crawler  
  189  8:42  Spore Crawler x2  
  185  8:53  Spore Crawler  
  185  8:54  Drone x2  
  185  8:55  Muscular Augments, Overseer, Lurker Den  
  185  8:57  Infestation Pit  
  185  9:00  Hydralisk x3  
  185  9:01  Hydralisk  
  191  9:04  Drone x3  
  191  9:06  Spore Crawler  
  173  9:22  Hydralisk x2  
  173  9:23  Hydralisk x2  
  178  9:27  Extractor  
  178  9:30  Hydralisk x6  
  178  9:31  Hydralisk x2  
  185  9:33  Overlord  
  185  9:37  Drone x3  
  187  9:39  Hydralisk x2  
  187  9:44  Hydralisk x2  
  195  9:47  Overlord  
  195  9:51  Infestor x3  
  195  9:52  Infestor  
  200  10:02  Extractor  
  200  10:04  Hive  
  200  10:05  Drone  
  200  10:06  Spore Crawler  
  199  10:07  Spore Crawler  
  199  10:08  Spore Crawler x2, Drone  
  199  10:09  Drone  
  199  10:12  Lurker  
  199  10:15  Drone  
  199  10:20  Spore Crawler x2, Extractor  
  193  10:23  Drone x2  
  193  10:24  Drone x2  
  185  10:36  Drone x3  
  188  10:45  Hydralisk x4  
  196  10:50  Lurker  
  196  10:53  Queen  
  196  10:54  Spore Crawler  
  198  10:57  Drone  
  197  11:22  Queen  
  197  11:25  Seismic Spines  
  199  11:33  Hatchery  
  199  11:37  Lurker x4  
  198  11:43  Roach  
  200  11:50  Roach x2  
  191  11:57  Roach x6  
Tags
 
Add a new tag
Caveats
  • Supply blocks, unpowered buildings, or Contaminate may cause inaccurate times.
  • Supply counts are checked every 10 seconds.